Map: Cactus Valley LE (Void)

Players

Lionhealer - Winner!

  • Race: Protoss Protoss
  • League: Diamond
  • Spawn Location: 1:00

Albinouze

  • Race: Zerg Zerg
  • League: Platinum
  • Spawn Location: 7:00

VOD

Have the link to the VOD?

Description

Time

  • Played on: March 23, 2017, 9:02 p.m.
  • Length: 16:14
Show
View Real Time Build Order
Export as new Build Order

Lionhealer Protoss - Winner!

Build Orders: 1 Gate Expand 

Get SALT Encoding   

  12  0:00  Probe (Chrono Boost)  
  13  0:11  Probe (Chrono Boost)  
  14  0:21  Pylon  
  14  0:23  Probe (Chrono Boost)  
  15  0:40  Probe (Chrono Boost)  
  16  0:46  Gateway  
  16  0:50  Probe (Chrono Boost)  
  17  1:01  Probe (Chrono Boost), Assimilator  
  18  1:05  Assimilator  
  18  1:11  Probe (Chrono Boost)  
  19  1:33  Nexus  
  19  1:37  Probe (Chrono Boost)  
  20  1:53  Cybernetics Core  
  20  1:59  Probe (Chrono Boost)  
  21  2:10  Probe (Chrono Boost)  
  21  2:15  Pylon  
  22  2:20  Pylon, Probe (Chrono Boost)  
  23  2:29  Warp Gate  
  22  2:31  Probe (Chrono Boost)  
  25  2:41  Adept  
  25  2:42  Mothership Core (Chrono Boost)  
  27  2:45  Probe (Chrono Boost)  
  28  2:57  Probe (Chrono Boost)  
  28  2:58  Twilight Council  
  29  3:01  Probe (Chrono Boost)  
  30  3:10  Pylon  
  30  3:13  Sentry  
  30  3:18  Probe (Chrono Boost)  
  33  3:30  Gateway  
  33  3:37  Gateway  
  33  3:38  Gateway  
  33  3:53  Probe (Chrono Boost)  
  34  3:58  Gateway  
  34  4:01  Robotics Facility  
  34  4:02  Resonating Glaives  
  35  4:03  Probe (Chrono Boost)  
  35  4:04  Probe (Chrono Boost)  
  36  4:15  Probe x2 (Chrono Boost)  
  38  4:25  Probe (Chrono Boost)  
  38  4:27  Probe (Chrono Boost)  
  40  4:33  Sentry  
  40  4:34  Adept  
  40  4:35  Pylon  
  40  4:36  Probe (Chrono Boost)  
  45  4:39  Adept  
  45  4:43  Probe (Chrono Boost)  
  45  4:44  Assimilator  
  48  4:46  Probe (Chrono Boost)  
  48  4:48  Immortal  
  53  5:03  Forge  
  53  5:05  Adept  
  55  5:13  Stalker  
  57  5:16  Stalker, Probe (Chrono Boost)  
  60  5:22  Pylon, Stalker  
  60  5:24  Sentry  
  60  5:26  Observer  
  66  5:28  Probe (Chrono Boost)  
  66  5:29  Protoss Ground Weapons Level 1  
  66  5:31  Probe (Chrono Boost)  
  66  5:33  Assimilator  
  67  5:40  Probe (Chrono Boost)  
  69  5:42  Stalker  
  69  5:43  Probe (Chrono Boost)  
  69  5:49  Pylon  
  71  5:50  Immortal  
  75  6:00  Probe x2 (Chrono Boost)  
  77  6:10  Pylon  
  77  6:12  Adept  
  77  6:14  Photon Cannon  
  77  6:17  Adept  
  81  6:20  Adept  
  84  6:25  Pylon  
  84  6:27  Probe (Chrono Boost)  
  84  6:28  Probe (Chrono Boost)  
  84  6:30  Adept  
  87  6:34  Adept  
  87  6:39  Adept  
  91  6:43  Adept x2  
  95  6:48  Pylon  
  96  6:55  Probe (Chrono Boost)  
  96  6:59  Robotics Bay  
  96  7:03  Pylon  
  96  7:20  Stalker x3  
  102  7:30  Nexus  
  102  7:35  Stalker  
  98  8:20  Stalker  
  98  8:21  Stalker x3  
  106  8:44  Stalker x2  
  106  8:45  Stalker  
  112  8:52  Probe x2 (Chrono Boost)  
  108  9:00  Stalker x2  
  99  9:04  Probe (Chrono Boost)  
  89  9:14  Extended Thermal Lance  
  89  9:15  Stalker  
  89  9:16  Stalker x2  
  95  9:19  Colossus  
  95  9:21  Pylon  
  95  9:23  Pylon  
  102  9:32  Protoss Ground Weapons Level 2, Probe (Chrono Boost)  
  102  9:35  Assimilator  
  102  9:38  Probe x2 (Chrono Boost), Assimilator  
  104  9:40  Adept x4  
  104  9:41  Adept  
  104  9:44  Probe (Chrono Boost)  
  115  9:53  Forge  
  115  9:56  Probe (Chrono Boost)  
  116  10:04  Pylon  
  116  10:06  Gateway  
  116  10:08  Gateway  
  116  10:09  Colossus  
  116  10:10  Gateway  
  124  10:14  Probe x2 (Chrono Boost)  
  124  10:16  Probe (Chrono Boost)  
  125  10:22  Sentry x2  
  129  10:28  Protoss Ground Armor Level 1  
  130  10:37  Probe (Chrono Boost)  
  130  10:39  Adept  
  130  10:40  Adept x2  
  136  10:45  Probe (Chrono Boost)  
  137  10:50  Sentry x2  
  137  10:56  Pylon, Colossus  
  141  10:58  Pylon  
  141  11:02  Pylon  
  147  11:04  Pylon  
  147  11:05  Photon Cannon  
  147  11:07  Pylon  
  147  11:08  Photon Cannon  
  147  11:12  Sentry x4  
  147  11:16  Adept  
  157  11:20  Adept x2  
  157  11:24  Adept  
  163  11:41  Nexus  
  163  11:43  Colossus  
  163  11:47  Stalker x2  
  163  11:48  Stalker x2  
  170  12:13  Protoss Ground Weapons Level 3, Adept  
  170  12:14  Adept  
  177  12:23  Probe x3 (Chrono Boost)  
  177  12:25  Protoss Ground Armor Level 2  
  177  12:36  Blink  
  177  12:37  Templar Archives  
  177  12:38  Observer  
  178  12:50  Probe (Chrono Boost)  
  179  12:55  Nexus  
  179  12:56  Stalker  
  179  12:57  Stalker  
  183  12:58  Pylon, Colossus  
  183  13:00  Pylon  
  183  13:05  Gateway  
  189  13:08  Photon Cannon  
  189  13:10  Probe (Chrono Boost)  
  190  13:21  Stalker x2  
  194  13:27  High Templar x3  
  194  13:31  Archon  
  200  13:37  High Templar  
  196  13:45  High Templar x2, Archon  
  196  13:55  Gateway  
  196  13:56  Gateway  
  196  13:57  Archon  
  196  13:58  Gateway  
  196  14:00  High Templar x2  
  200  14:04  Archon  
  200  14:28  Gateway  
  200  14:30  Gateway  
  200  14:32  Gateway  
  200  14:33  Gateway  
  200  14:35  Pylon  
  200  14:36  Pylon  
  200  14:39  Assimilator, Photon Cannon  
  200  14:41  Photon Cannon  
  200  14:43  Assimilator  
  200  14:50  Pylon  
  198  14:57  Pylon  
  180  15:27  High Templar x2  
  180  15:28  Adept x4  
  182  15:29  Adept  
  174  15:50  Stalker x4  
  174  15:51  Stalker x5  
  190  16:03  Stalker x2  
Show
View Real Time Build Order
Export as new Build Order

Albinouze Zerg 

Build Orders: Hatch First 

Get SALT Encoding   

  12  0:01  Drone  
  13  0:10  Drone  
  14  0:29  Overlord  
  14  0:33  Extractor  
  14  0:34  Drone  
  14  0:35  Extractor, Drone  
  16  0:48  Drone  
  17  0:57  Hatchery  
  17  0:59  Drone  
  17  1:08  Drone  
  18  1:11  Extractor  
  17  1:21  Spawning Pool  
  17  1:23  Drone  
  17  1:26  Drone  
  18  1:34  Drone  
  19  1:50  Drone  
  20  2:09  Queen x2  
  20  2:12  Metabolic Boost  
  24  2:25  Drone x2  
  24  2:26  Zergling x2  
  24  2:28  Overlord  
  24  2:29  Zergling x2  
  28  2:46  Drone  
  28  2:48  Queen  
  28  2:49  Queen  
  33  2:54  Zergling x4  
  33  2:55  Overlord  
  33  2:56  Drone  
  37  3:20  Drone x4  
  37  3:21  Zergling x2  
  40  3:27  Roach Warren  
  39  3:37  Drone  
  39  3:38  Drone  
  39  3:39  Drone x2  
  43  3:53  Overlord, Hatchery, Queen  
  44  4:11  Overlord x2  
  44  4:13  Zergling x4  
  44  4:14  Zergling x4  
  44  4:15  Drone x2  
  50  4:22  Lair  
  50  4:30  Spore Crawler  
  49  4:44  Drone x3  
  52  4:50  Roach  
  52  4:51  Roach x3  
  60  4:54  Overlord  
  60  4:58  Overlord  
  60  5:03  Overlord  
  60  5:05  Drone  
  61  5:10  Extractor  
  61  5:11  Extractor  
  61  5:13  Drone x4, Evolution Chamber  
  62  5:14  Evolution Chamber  
  62  5:15  Extractor, Drone  
  62  5:17  Drone  
  62  5:26  Overlord x2  
  62  5:30  Glial Reconstitution  
  62  5:40  Drone x2  
  62  5:41  Drone x4  
  68  5:46  Drone x2  
  70  5:50  Zerg Missile Weapons Level 1  
  70  5:58  Overseer  
  70  6:00  Overseer  
  70  6:16  Zerg Ground Armor Level 1  
  70  6:21  Hydralisk Den, Drone x3  
  72  6:26  Drone x7  
  72  6:30  Roach x3  
  84  6:51  Roach x8  
  100  6:56  Ravager x2  
  102  7:05  Roach, Hydralisk  
  102  7:08  Overlord x3  
  106  7:34  Hydralisk  
  106  7:35  Hydralisk x5  
  118  7:40  Zergling x6  
  121  7:49  Hatchery  
  109  8:22  Roach x3  
  109  8:23  Roach x7  
  109  8:25  Overlord x3  
  108  9:00  Roach x9  
  108  9:01  Roach x3  
  116  9:09  Hydralisk  
  108  9:29  Zergling x2  
  108  9:30  Zergling x16  
  117  9:33  Zerg Missile Weapons Level 2  
  117  9:34  Zerg Ground Armor Level 2  
  117  9:42  Overseer  
  117  9:49  Ravager x4  
  121  9:55  Drone x5, Extractor x2  
  121  9:56  Drone  
  121  9:57  Drone x4  
  129  10:04  Queen x3  
  129  10:05  Queen  
  137  10:10  Hydralisk x3  
  137  10:13  Hatchery, Infestation Pit  
  141  10:39  Queen  
  143  10:52  Extractor  
  142  11:00  Hive  
  142  11:01  Muscular Augments  
  142  11:03  Zergling x2  
  142  11:04  Zergling x18  
  148  11:06  Overlord x4  
  148  11:50  Zerg Melee Weapons Level 1  
  144  12:06  Spire  
  144  12:07  Hydralisk  
  144  12:08  Roach  
  144  12:09  Roach x22  
  184  12:26  Zergling x12  
  189  12:37  Zerg Missile Weapons Level 3  
  189  12:46  Overlord x3  
  189  13:00  Overlord x2  
  189  13:04  Queen  
  191  13:11  Viper x2  
  197  13:22  Corruptor  
  197  13:24  Evolution Chamber  
  197  13:25  Evolution Chamber  
  197  13:31  Ravager x2  
  199  13:38  Burrow  
  199  13:39  Tunneling Claws  
  199  13:49  Zerg Melee Weapons Level 2  
  199  14:10  Adrenal Glands  
  199  14:15  Extractor  
  194  14:17  Corruptor  
  194  14:18  Corruptor x3  
  195  14:37  Drone  
  196  14:41  Ultralisk Cavern  
  195  14:52  Drone x4  
  125  15:28  Corruptor x9  
  113  15:29  Corruptor x4  
  113  15:31  Zergling x2  
  113  15:32  Zergling x46  
  113  15:33  Zergling x44  
Tags
 
Add a new tag
Caveats
  • Supply blocks, unpowered buildings, or Contaminate may cause inaccurate times.
  • Supply counts are checked every 10 seconds.